 Dungeon Crawl Stone Soup version bcrawl-1.20.1 (webtiles) character file.

Game seed: 16545332212590604925

49 Freyura the Skirmisher (level 3, -2/29 HPs)
             Began as a Demonspawn Abyssal Knight on Jan 26, 2020.
             Was a Believer of Lugonu.
             Slain by a gnoll
             ... wielding a +0 spear
              (6 damage)
             ... on level 2 of the Dungeon.
             The game lasted 00:02:29 (1145 turns).

Freyura the Skirmisher (Demonspawn Abyssal Knight)  Turns: 1145, Time: 00:02:29

Health: -2/29      AC:  6    Str: 12    XL:     3   Next: 51%
Magic:  5/5        EV: 10    Int: 13    God:    Lugonu [**....]
Gold:   118        SH:  0    Dex: 13    Spells: 2/2 levels left

rFire    + . .     SeeInvis +   a - +1 mace
rCold    . . .     Gourm    .   (no shield)
rNeg     . . .     Faith    .   l - +0 ring mail
rPois    .         Spirit   .   h - +0 helmet
rElec    .         Reflect  .   (no cloak)
rCorr    .         Harm     .   (no gloves)
MR       .....                  (no boots)
Stlth    +.........             (no amulet)
HPRegen  0.09/turn              m - ring of see invisible
MPRegen  0.09/turn              n - ring of protection from fire

@: no status effects
A: talons 1, powered by death 1
a: Depart the Abyss, Bend Space, Banish, Renounce Religion


You were on level 2 of the Dungeon.
You worshipped Lugonu.
Lugonu was pleased with you.
You were not hungry.

You visited 1 branch of the dungeon, and saw 2 of its levels.
You visited the Abyss 1 time.

You collected 118 gold pieces.

Inventory:

Hand Weapons
 a - a +1 mace (weapon)
Missiles
 c - 10 tomahawks of dispersal (quivered)
 d - 126 stones
Armour
 b - a +0 leather armour
 h - a +0 helmet (worn)
 l - a +0 ring mail (worn)
Jewellery
 m - a ring of see invisible (left hand)
 n - a ring of protection from fire (right hand)
Scrolls
 i - 2 scrolls of remove curse {unknown}
 k - 3 scrolls of identify {unknown}
Potions
 f - a potion of heal wounds {unknown}
 g - a potion of cancellation {unknown}
 j - a potion of degeneration {unknown}
 p - a potion of curing {unknown}
Comestibles
 e - 4 rations {!d}
 o - a chunk of flesh


   Skills:
 + Level 3.4 Fighting
 * Level 2.8 Maces & Flails
 - Level 0.8 Throwing
 + Level 2.1 Armour
 + Level 1.0 Dodging
 + Level 3.1 Invocations


You had 2 spell levels left.
You didn't know any spells.
Your spell library was empty.

Dungeon Overview and Level Annotations

Branches:
Dungeon (2/12)

Altars:


Innate Abilities, Weirdness & Mutations

You have sharp toenails.
You regenerate a little health from kills.


Message History

You kill the gnoll!
Lugonu accepts your kill.
Your Dodging skill increases to level 1!
The gnoll barely misses you. The gnoll hits you but does no damage.
Things that are here:
a +0 whip; a +0 halberd; a gnoll corpse You sock the gnoll!
Your kick misses the gnoll.
The gnoll is severely wounded.
The gnoll hits you with a +0 spear.
* * * LOW HITPOINT WARNING * * *
The gnoll hits you with a +0 spear.
* * * LOW HITPOINT WARNING * * *
You hit the gnoll.
The gnoll is severely wounded.
The gnoll hits you but does no damage.
You hit the gnoll. Your kick misses the gnoll.
The gnoll is almost dead.
The gnoll hits you with a +0 spear.
You die...

........###+#.........#
........##............#
###.....##....#########
#.....##....#
#.######....# .. #....#
#....# #..).######
#....'.@g.# #....####.#
#....# # ######


You could see a gnoll.

Vanquished Creatures
  2 gnolls (D:2)
  A dart slug (D:1)
  2 leopard geckos
  4 giant cockroaches (D:1)
  2 hobgoblins (D:1)
  3 jackals (D:1)
  2 kobolds (D:1)
  A quokka (D:2)
  2 bats (D:1)
  A frilled lizard (D:1)
  A goblin (D:1)
  2 rats (D:1)
23 creatures vanquished.

Notes
Turn   | Place    | Note
-------+----------+-------------------------------------------
     0 | Abyss:1  | Freyura the Demonspawn Abyssal Knight began the quest for
                  | the Orb.
     0 | Abyss:1  | Reached XP level 1. HP: 18/18 MP: 2/2
    12 | D:1      | Escaped the Abyss
   154 | D:1      | Gained mutation: You have sharp toenails. [demonic
                  | ancestry]
   154 | D:1      | Reached XP level 2. HP: 19/24 MP: 4/4
  1099 | D:2      | Gained mutation: You regenerate a little health from kills.
                  | [demonic ancestry]
  1099 | D:2      | Reached XP level 3. HP: 26/29 MP: 5/5
  1138 | D:2      | Reached ** piety under Lugonu
  1141 | D:2      | Reached skill level 1 in Dodging
  1145 | D:2      | Slain by a gnoll

Skill      XL: |  1  2  3 |
---------------+----------+-----
Invocations    | 3 |  3.1
Armour         | 2 |  2.1
Maces & Flails | 2 |  2.8
Dodging        | 1 |  1.0
Fighting       | |  3.4
Throwing       | |  0.8

Action                   || total
-------------------------++-------
Melee: Mace              ||    77
       Kick              ||     9
  Eat: Chunk             ||     1
Armor: Leather armour    ||    17
       Ring mail         ||     4
Dodge: Dodged            ||    57
